 Dungeon Crawl Stone Soup version 0.30.0-5-g1a98f26d00 (webtiles) character file.

Game seed: 1321363163816274003

3455 Farfigtubin the Destroyer (level 9, -5/74 HPs)
             Began as a Purple Draconian Conjurer on May 8, 2023.
             Was a Believer of Ashenzari.
             Slain by Gastronok (26 damage)
             ... on level 9 of the Dungeon.
             The game lasted 01:23:31 (9793 turns).

Farfigtubin the Destroyer (DrCj)                    Turns: 9793, Time: 01:23:32

Health: -5/74      AC: 10    Str: 15    XL:     9   Next: 78%
Magic:  17/21      EV: 10    Int: 24    God:    Ashenzari [**....]
Gold:   291        SH: 11    Dex:  9    Spells: 16/24 levels left

rFire   . . .        E - +0 flail
rCold   . . .        H - +2 kite shield
rNeg    . . .        (body armour unavailable)
rPois   .            (helmet restricted)
rElec   .            (no cloak)
rCorr   .            j - +0 pair of gloves of the Cryptic Doubts {Range, Melee} (curse)
SInv    +            r - +1 pair of boots "Bound Portent" {Evo, Bglg} (curse)
Will    +....        (no amulet)
Stlth   ++           b - +6 ring of strength
HPRegen 0.32/turn    v - ring of the Fated Bad Feelings {Wiz, Evo, Self} (curse)
MPRegen 0.17/turn

%: wizardry (x1)
@: very slightly contaminated
A: breathe power, AC +7, unfitting armour, cold-blooded
a: Breathe Dispelling Energy, Renounce Religion, Curse Item, Shatter the Chains


You were on level 9 of the Dungeon.
You worshipped Ashenzari.
Ashenzari was pleased with you.
You visited 2 branches of the dungeon, and saw 10 of its levels.

You collected 291 gold pieces.

Inventory:

Hand Weapons
 g - a +0 vampiric spear
 E - a +0 flail (weapon)
Missiles
 c - 77 stones
 l - 17 poisoned darts
 C - a throwing net
 N - 2 boomerangs
Armour
 j - the cursed +0 pair of gloves of the Cryptic Doubts (worn) {Range, Melee}
   (You found it on level 1 of the Dungeon)

   It has a curse which improves the following skills: Ranged Combat: Ranged
   Weapons and Throwing.
   Melee Combat: Short Blades, Long Blades, Axes, Maces & Flails, Polearms,
   Staves and Unarmed Combat.
 r - the cursed +1 pair of boots "Bound Portent" (worn) {Evo, Bglg}
   (You found it on level 2 of the Dungeon)

   It has a curse which improves the following skills: Evocations: Evocations.
   Beguiling: Conjurations, Hexes and Translocations.
 H - a +2 kite shield (worn)
Magical Staves
 i - a staff of fire
 L - a staff of air
Jewellery
 b - a +6 ring of strength (left hand)
 f - a ring of magical power
 p - an amulet of magic regeneration
 v - the cursed ring of the Fated Bad Feelings (right hand) {Wiz, Evo, Self}
   (You found it on level 4 of the Dungeon)

   [ring of wizardry]

   It improves your spell success rate.
   It has a curse which improves the following skills: Evocations: Evocations.
   Introspection: Fighting and Spellcasting.
 J - a ring of protection from fire
 M - a ring of magical power
Wands
 x - a wand of digging (5)
 A - a wand of flame (12)
 G - a wand of polymorph (3)
Scrolls
 d - 2 scrolls of magic mapping
 n - a scroll of fog
 o - a scroll of brand weapon
 s - 2 scrolls of enchant weapon
 w - 4 scrolls of teleportation
 y - 4 scrolls of vulnerability
 B - a scroll of enchant armour
 D - a scroll of fear
 F - a scroll of amnesia
Potions
 a - a potion of magic
 e - 4 potions of cancellation
 h - 2 potions of lignification
 k - a potion of haste
 m - a potion of flight
 q - a potion of berserk rage
 t - a potion of might
 u - a potion of invisibility
 I - a potion of heal wounds
 K - a potion of curing
 O - 2 potions of ambrosia


   Skills:
 - Level 3.9(5.0) Fighting
 * Level 3.4(4.5) Maces & Flails
 - Level 1.9 Dodging
 - Level 1.7 Stealth
 + Level 6.6 Shields
 + Level 7.0(8.2) Spellcasting
 - Level 9.2(10.3) Conjurations
 - Level 4.3(6.0) Evocations


You had 16 spell levels left.
You knew the following spells:

 Your Spells              Type           Power      Damage    Failure   Level
a - Magic Dart            Conj           100%       1d8       1%          1
b - Searing Ray           Conj           100%       2d8       1%          2
c - Iskenderun's Battles  Conj           56%        2d11      2%          5

Your spell library contained the following spells:

 Spells                   Type           Power      Damage    Failure   Level
 Dazzling Flash           Conj/Hex       70%        N/A       2%          3
 Fulminant Prism          Conj/Hex       17%        3d10      8%          4
 Iskenderun's Mystic Bla  Conj/Tloc      35%        2d8       8%          4
 Flame Wave               Conj/Fire      34%        2d10      9%          4
 Sticky Flame             Conj/Fire      34%        2d5       9%          4
 Gell's Gravitas          Tloc           10%        N/A       19%         3
 Inner Flame              Hex/Fire       10%        N/A       19%         3
 Teleport Other           Tloc           10%        N/A       19%         3
 Iron Shot                Conj/Erth      17%        9d4       73%         6
 Spellforged Servitor     Conj/Summ      17%        N/A       99%         7
 Dispersal                Tloc           5%         N/A       100%        6


Dungeon Overview and Level Annotations

Branches:
Dungeon (9/15)             Temple (1/1) D:5
   Lair: D:8-11         Orc: D:9-12

Altars:
Ashenzari
Cheibriados
Dithmenos
Elyvilon
Fedhas
Gozag
Hepliaklqana
Kikubaaqudgha
Makhleb
Nemelex Xobeh
Okawaru
Qazlal
Ru
Sif Muna
Trog
Uskayaw
Vehumet
Wu Jian
Xom
Yredelemnul
Zin
The Shining One

Shops:
D:1 :   D:7 ==*

Annotations:
D:1 1 transporter
D:9 1 runed translucent door, Gastronok; Hubbles's ghost, novice DgEE


Innate Abilities, Weirdness & Mutations

You can breathe bolts of dispelling energy.
Your rich purple scales are hard. (AC +7)
You cannot fit into any form of body armour.
You are cold-blooded and may be slowed by cold attacks.


Message History

Nothing appears to happen.
You block Gastronok's attack.
Casting: Iskenderun's Battlesphere (dangerous; 2% risk of failure)
Confirm with . or Enter, or press ? or * to list all spells.
You conjure a globe of magical energy.
Casting: Iskenderun's Battlesphere (dangerous; 2% risk of failure)
Confirm with . or Enter, or press ? or * to list all spells.
You don't have enough magic to cast this spell.
Unknown command.
Magic courses through your body. Gastronok barely misses you.
Casting: Iskenderun's Battlesphere (dangerous; 2% risk of failure)
Confirm with . or Enter, or press ? or * to list all spells.
Aiming: Searing Ray (safe; 1% risk of failure)
Press: ? - help, Shift-Dir - straight line, f/p - Gastronok
Aim: Gastronok, wearing a +2 hat (heavily wounded, 100% to hit)
The searing ray hits Gastronok!
Gastronok is severely wounded. (Press . to maintain the ray.)
Your battlesphere fires!
The barrage of energy hits Gastronok.
Gastronok is severely wounded.
The searing ray hits Gastronok!
Gastronok is severely wounded.
Your battlesphere fires!
The barrage of energy hits Gastronok!
Gastronok is severely wounded.
Gastronok bites you!
* * * LOW HITPOINT WARNING * * *
The searing ray hits Gastronok.
Gastronok is severely wounded.
Your battlesphere fires!
The barrage of energy hits Gastronok!
Gastronok is almost dead.
The searing ray hits Gastronok.
Gastronok is almost dead.
You finish channelling your searing ray.
Your battlesphere fires!
The barrage of energy hits Gastronok!
Gastronok is almost dead.
Gastronok bites you!!
You die...

#####.#######.#8 ,
#.....w.*.....# +
#####.#####.#.#*, ,
#...........'.# ,
#####.#####'#<# *
#.# #.....# *** #.#
#.....# * #.#
#.w...# , #.#
#.@..*#*+# * #.#
#.....#+.+#
#.#####'###...##.#
*
#......<..........
#######.#[#.#.##.#
*
............#.#..#
* *
###.###.#.#[#.#..##
#.# #.#.#.#..... ,,
#.###.#.#.#.#..#


You could see Gastronok (ally target) and a friendly battlesphere.

Vanquished Creatures
  A vampire (D:9)
  2 steam dragons
  An acid dragon (D:8)
  A water moccasin (D:7)
  An orc warrior (D:8)
  2 ice beasts
  2 sky beasts
  A black bear (D:4)
  2 ogres
  4 centaurs
  A phantom (D:5)
  A gnoll sergeant (D:7)
  2 bullfrogs
  A scorpion (D:6)
  3 wights (D:8)
  5 killer bees (D:8)
  3 electric eels (D:7)
  A howler monkey (D:8)
  4 hounds
  A jelly (D:6)
  3 orc priests
  2 sleepcaps (D:7)
  8 orc wizards
  7 iguanas
  A hound skeleton (D:2)
  5 gnolls
  7 adders
  An ufetubus (D:6)
  A worm (D:5)
  5 dart slugs
  30 orcs
  5 ball pythons
  4 endoplasms
  3 giant cockroaches
  6 goblins
  9 hobgoblins
  5 jackals
  A quokka (D:1)
  A ball python zombie (D:2)
  4 bats
  9 kobolds
  2 quokka skeletons (D:2)
  2 quokka zombies (D:2)
  3 rats
163 creatures vanquished.

Notes
Turn   | Place    | Note
-------+----------+-------------------------------------------
     0 | D:1      | Farfigtubin the Draconian Conjurer began the quest for the
                  | Orb.
     0 | D:1      | Reached XP level 1. HP: 14/14 MP: 3/3
   415 | D:1      | Reached XP level 2. HP: 15/20 MP: 1/5
  1011 | D:1      | Found Jigoureu's Book Shop.
  1120 | D:2      | Reached XP level 3. HP: 27/27 MP: 2/6
  1217 | D:2      | Reached skill level 1 in Fighting
  1217 | D:2      | Reached skill level 1 in Shields
  1442 | D:2      | Reached XP level 4. HP: 33/35 MP: 0/7
  2015 | D:3      | Reached skill level 5 in Conjurations
  2063 | D:4      | Noticed a black bear
  2134 | D:4      | Reached XP level 5. HP: 41/41 MP: 3/9
  2466 | D:4      | Found a broken altar of Ashenzari.
  2567 | D:4      | Found a basalt altar of Yredelemnul.
  3082 | D:4      | Became a worshipper of Ashenzari the Shackled
  3391 | D:3      | Identified the +8 flail of Uskayaw's Generosity {heavy, rF+
                  | Int-5 Stlth+}
  3778 | D:5      | Entered Level 5 of the Dungeon
  3784 | D:5      | Noticed an ogre
  3834 | D:5      | Learned a level 2 spell: Searing Ray
  3844 | D:5      | Noticed a phantom
  3866 | D:5      | Killed a phantom
  3867 | D:5      | Reached XP level 6. HP: 41/48 MP: 0/10
  3908 | D:5      | Noticed an ice beast
  3966 | D:5      | Killed an ice beast
  3967 | D:5      | Reached skill level 6 in Conjurations
  4507 | D:5      | Found a staircase to the Ecumenical Temple.
  4536 | Temple   | Entered the Ecumenical Temple
  4536 | Temple   | Found a transporter.
  4536 | Temple   | Found a transporter.
  4538 | Temple   | Found a transporter.
  4538 | Temple   | Found a transporter.
  4589 | D:5      | Noticed a steam dragon
  4612 | D:5      | Killed a steam dragon
  4613 | D:5      | Your scales start taking on a rich purple colour.
  4613 | D:5      | Reached XP level 7. HP: 33/55 MP: 3/13
  5052 | D:5      | Reached skill level 7 in Conjurations
  5058 | D:5      | Found a glowing golden altar of the Shining One.
  5229 | D:4      | Reached skill level 5 in Spellcasting
  5690 | D:6      | an orc warrior changed into a steam dragon
  5690 | D:6      | Noticed a steam dragon
  5706 | D:6      | Killed a steam dragon
  5707 | D:6      | Reached XP level 8. HP: 16/61 MP: 5/16
  5924 | D:6      | Reached skill level 8 in Conjurations
  5925 | D:6      | Reached * piety under Ashenzari
  6087 | D:6      | Found a sparkling altar of Nemelex Xobeh.
  6212 | D:6      | Reached skill level 1 in Evocations
  6687 | D:7      | Reached skill level 9 in Conjurations
  6898 | D:7      | Found Ojull's Assorted Antiques.
  6989 | D:7      | Reached XP level 9. HP: 47/69 MP: 8/20
  7191 | D:7      | Found Nowuth's Jewellery Boutique.
  7247 | D:7      | Found Qazxiefa's Jewellery Boutique.
  7443 | D:7      | Found Beuf's General Store.
  7856 | D:8      | Reached skill level 5 in Shields
  8118 | D:8      | Reached ** piety under Ashenzari
  8495 | D:8      | Reached skill level 1 in Maces & Flails
  9193 | D:9      | Found a glowing silver altar of Zin.
  9371 | D:9      | Found a runed translucent door.
  9557 | D:9      | Noticed Hubbles's ghost (novice DgEE)
  9608 | D:9      | Learned a level 5 spell: Iskenderun's Battlesphere
  9608 | D:9      | Noticed a troll
  9619 | D:9      | Identified the Papyrus of Lithomancy
  9624 | D:9      | Noticed a troll
  9741 | D:9      | Noticed Gastronok
  9793 | D:9      | Slain by Gastronok

Illustrated notes

Levels and vault maps discovered:
D:1:      spicycebolla_arrival_transporter_tutorial, layout_basic, serial_shops,
          shop, minmay_pentomino_s2
D:2:      layout_rooms, serial_undead, serial_undead_f, serial_undead_d,
          serial_undead_f, serial_undead_c
D:3:      layout_loops_corners
D:4:      layout_loops_corners, lemuel_tele_altar, nicolae_ashenzari_skybound,
          corexii_checkpoint_a
D:5:      layout_loops_corners, nicolae_tso_swordbearing_angel,
          minmay_temple_entry_crystal_x
D:6:      layout_loops_ring, mainiacjoe_overflow_surrounded_room
D:7:      layout_basic, serial_bayou, serial_bayou_crossing,
          serial_bayou_pond_a, serial_bayou_pond_b, serial_bayou_lagoon_a,
          serial_shops, shop, nicolae_shop_pleasant_corner_grove, shop, shop,
          eino_curves_01
D:8:      layout_loops_ring
D:9:      layout_basic, nicolae_overflow_hidden_temple, hellmonk_ghost_big_iron,
          dk_noncrumbling_2, minivault_27, item_on_display_a, uniq_gastronok
Temple:   hellmonk_temple_divided_pantheon

Skill      XL: |  1  2  3  4  5  6  7  8  9 |
---------------+----------------------------+-----
Fighting       | 1 2 3 |  3.9
Shields        | 1 2 3 4 6 |  6.6
Conjurations   | 5 6 7 9 |  9.2
Spellcasting   | 3 4 5 6 7 |  7.0
Evocations     | 3 4 |  4.3
Maces & Flails | 3 |  3.4
Dodging        | |  1.9
Stealth        | |  1.7

Action                     |  1- 3 |  4- 6 |  7- 9 || total
---------------------------+-------+-------+-------++-------
  Melee: Unarmed           |     5 |       |       ||     5
         Punch             |     1 |       |       ||     1
         Dagger            |    11 |    11 |       ||    22
         Tailslap          |     2 |     1 |     2 ||     5
         Flail             |       |       |    12 ||    12
  Throw: Dart              |       |     2 |       ||     2
   Cast: Magic Dart        |    71 |   115 |   123 ||   309
         Searing Ray       |       |     6 |    72 ||    78
         Iskenderun's Batt |       |       |     3 ||     3
 Invoke: Curse Item        |       |     1 |     2 ||     3
  Evoke: Wand              |       |       |     4 ||     4
    Use: Scroll            |       |     5 |       ||     5
         Potion            |       |     1 |     5 ||     6
 Armour: Skin              |    13 |    23 |    60 ||    96
  Dodge: Dodged            |     9 |    20 |    77 ||   106
  Block: Buckler           |     2 |     3 |     6 ||    11
         Kite shield       |       |       |    57 ||    57
